 Dungeon Crawl Stone Soup version 0.13.0-25-g43d4df3 (webtiles) character file.

515 Psiweapon the Grave Robber (level 6, -1/41 HPs)
             Began as a Vampire Necromancer on Oct 28, 2013.
             Slain by an ogre
             ... wielding a +0,+0 giant club
              (29 damage)
             ... on Level 4 of the Dungeon.
             The game lasted 00:17:24 (3788 turns).

Psiweapon the Grave Robber (Vampire Necromancer)    Turns: 3788, Time: 00:17:24

HP  -1/41        AC  3     Str  8      XL: 6   Next: 11%
MP  10/10        EV 13     Int 18      God:
Gold 222         SH  0     Dex 14      Spells:  2 memorised,  3 levels left

Res.Fire  : . . .   See Invis. : +   o - +1 elf dagger (venom)
Res.Cold  : + . .   Warding    : .   a - +0 robe
Life Prot.: + . .   Conserve   : +   (no shield)
Res.Poison: .       Res.Corr.  : .   (no helmet)
Res.Elec. : .       Clarity    : .   (no cloak)
Sust.Abil.: . .     Spirit.Shd : .   l - +0 pair of gloves
Res.Mut.  : .       Stasis     : .   (no boots)
Res.Rott. : .       Flight     : .   g - amulet of conservation
Saprovore : . . .                    (no ring)
                                     q - ring of protection from cold

@: slightly resistant to hostile enchantments, quite stealthy
A: bottle blood, fangs 3, see invisible, unbreathing
a: Bat Form, Bottle Blood


You were on level 4 of the Dungeon.
You were not thirsty.

You visited 1 branch of the dungeon, and saw 5 of its levels.

You collected 202 gold pieces.

Inventory:

Hand weapons
 e - a +0,+0 mace
 f - a +0,+0 dagger
 o - a +1,+1 elven dagger of venom (weapon)
 p - a +0,+0 dagger
Missiles
 d - 4 javelins (quivered)
Armour
 a - a +0 robe (worn)
 l - a +0 pair of gloves (worn)
Scrolls
 h - a scroll of teleportation
 n - a scroll of curse weapon {unknown}
Jewellery
 g - an amulet of conservation (around neck)
 j - an uncursed ring of fire
 q - a ring of protection from cold (left hand)
Potions
 c - a potion of paralysis {unknown}
 i - a potion of porridge {unknown}
 k - 3 potions of curing {unknown}
 m - a potion of heal wounds {unknown}
Books
 b - a book of Necromancy

   Spells                             Type                      Level
   *Pain                              Necromancy                   1
   Animate Skeleton                   Necromancy                   1
   Lethal Infusion                    Charms/Necromancy            2
   *Vampiric Draining                 Necromancy                   3
   Regeneration                       Charms/Necromancy            3
   Animate Dead                       Necromancy                   4
   Control Undead                     Necromancy                   4


   Skills:
 + Level 2.9 Short Blades
 + Level 3.7 Dodging
 + Level 5.4 Stealth
 - Level 1.0 Spellcasting
 + Level 5.9 Necromancy


You had 3 spell levels left.
You knew the following spells:

 Your Spells              Type           Power        Failure   Level  Hunger
a - Pain                  Necr           ###.         1%          1    ##.....
b - Vampiric Draining     Necr           ###.......   6%          3    ####...


Dungeon Overview and Level Annotations

Branches:
Dungeon (5/27)
 Temple: D:4-7

Altars:
Elyvilon

Shops:
D:4 %


Innate Abilities, Weirdness & Mutations

You can bottle blood from corpses.
You have razor-sharp teeth.*
You have supernaturally acute eyesight.
You can survive without breathing.*


Message History

You can now bottle potions of blood from corpses.
A worm comes into view.
There is a white marble altar of Elyvilon here.
You kneel at the altar of Elyvilon.
Elyvilon does not accept worship from those such as you!
An ogre comes into view. It is wielding a giant club.
The helpless worm fails to defend itself.
You slice the worm!!
The worm is almost dead.
The helpless ogre fails to defend itself.
You impale the ogre!!
The ogre is severely wounded.
The ogre hits you with a giant club!
You hit the worm but do no damage.
The worm is almost dead.
You hit the worm.
You kill the worm!
The ogre hits you with a giant club!
Ouch! That really hurt!
You die...

### ..# #.# #.# #.#
#####.######## ###
#.O@%.....##.. ..#
###.###.###.##.# #.#
#..............## #.#
##.#.#.#.#.#.#..##.##.#
................##.....
#.#
.#...⌠.....⌠....#####.#
#.#
........_.......#####.#
#.#
##...⌠.....⌠..........#
#.#
#.............########


You could see an ogre.

Vanquished Creatures
  An orc warrior (D:3)
  An orc wizard (D:3)
  An orc priest (D:3)
  A worker ant (D:4)
  3 adders
  3 worms
  A giant gecko (D:1)
  8 orcs
  5 giant cockroaches
  6 goblins
  9 hobgoblins
  6 kobolds
  A quokka (D:3)
  7 bats
  2 giant newts
  6 rats
61 creatures vanquished.

Notes
Turn   | Place    | Note
--------------------------------------------------------------
     0 | D:1      | Psiweapon, the Vampire Necromancer, began the quest for the Orb.
     0 | D:1      | Reached XP level 1. HP: 13/13 MP: 4/4
   459 | D:1      | Reached XP level 2. HP: 19/19 MP: 3/5
   644 | D:2      | Reached skill level 5 in Necromancy
   793 | D:1      | Reached XP level 3. HP: 15/24 MP: 4/6
  1346 | D:2      | Learned a level 3 spell: Vampiric Draining
  1992 | D:3      | Reached skill level 1 in Short Blades
  2168 | D:3      | Reached XP level 4. HP: 27/30 MP: 6/8
  2482 | D:3      | Reached XP level 5. HP: 33/35 MP: 9/9
  2814 | D:3      | Noticed an orc warrior
  2855 | D:3      | Killed an orc warrior
  2855 | D:3      | Reached skill level 5 in Stealth
  3270 | D:5      | Entered Level 5 of the Dungeon
  3441 | D:4      | Found Teun's Food Shoppe.
  3750 | D:4      | Found a white marble altar of Elyvilon.
  3761 | D:4      | Reached XP level 6. HP: 41/41 MP: 10/10
  3780 | D:4      | Noticed an ogre
  3788 | D:4      | Slain by an ogre

Action                   |  1- 3 |  4- 6 || total
-------------------------+-------+-------++-------
Melee: Dagger            |    60 |    46 ||   106
       Mace              |     4 |       ||     4
       Unarmed           |     1 |       ||     1
       Short sword       |       |    15 ||    15
Throw: Javelin           |    10 |     2 ||    12
 Cast: Pain              |    43 |    18 ||    61
       Vampiric Draining |     1 |     7 ||     8
  Use: Scroll            |     7 |     4 ||    11
       Potion            |     1 |       ||     1
 Stab: Sleeping          |     4 |     4 ||     8
